 Dungeon Crawl Stone Soup version 0.21.0-24-g2553a33 (webtiles) character file.

9361 Gorglomux the Fiendish (level 11, 0/100 HPs)
             Began as a Deep Dwarf Fighter on Jan 20, 2018.
             Was a Priest of Makhleb.
             Slain by Urug
             ... wielding a +3 great sword
              (27 damage)
             ... on level 11 of the Dungeon.
             The game lasted 00:07:08 (6897 turns).

Gorglomux the Fiendish (Deep Dwarf Fighter)         Turns: 6897, Time: 00:07:08

Health: 0/100      AC: 11    Str: 22      XL:     11   Next: 22%
Magic:  0/0        EV:  9    Int: 10      God:    Makhleb [***...]
Gold:   379        SH: 11    Dex: 11 (12) Spells: 10/10 levels left

rFire    . . .     SeeInvis .   a - +1 war axe
rCold    + . .     Gourm    .   X - +0 shield
rNeg     . . .     Faith    .   L - +0 plate armour
rPois    .         Spirit   .   (no helmet)
rElec    .         Reflect  .   (no cloak)
rCorr    .         Harm     .   O - +0 pair of gloves
MR       +....                  (no boots)
Stlth    ..........             (no amulet)
HPRegen  0.00/turn              c - ring of protection from cold
MPRegen  0.07/turn              S - +3 ring of evasion

@: corroded, non-regenerating
A: damage resistance, heal wounds, sense surroundings 2, no regeneration
a: Heal Wounds, Minor Destruction, Lesser Servant of Makhleb, Renounce Religion


You were on level 11 of the Dungeon.
You worshipped Makhleb.
Makhleb was most pleased with you.
You were not hungry.

You visited 2 branches of the dungeon, and saw 12 of its levels.

You collected 533 gold pieces.
You spent 154 gold pieces at shops.

Inventory:

Hand Weapons
 a - a +1 war axe (weapon)
Missiles
 Z - 3 throwing nets (quivered)
Armour
 L - a +0 plate armour (worn)
 O - a +0 pair of gloves (worn)
 X - a +0 shield (worn)
Jewellery
 c - a ring of protection from cold (left hand)
 g - an uncursed ring of resist corrosion
 N - a +5 ring of intelligence {unknown}
 R - a cursed -3 ring of strength {unknown}
 S - a +3 ring of evasion (right hand)
Wands
 A - a wand of acid (4)
 D - a wand of digging (8)
 E - a wand of enslavement (12)
 P - a wand of paralysis (17)
Scrolls
 q - a scroll of immolation
 s - 7 scrolls of remove curse
 w - 3 scrolls of enchant armour
 B - 2 scrolls of blinking
 M - 2 scrolls of magic mapping
 T - 8 scrolls of teleportation
Potions
 d - a potion of might
 l - 5 potions of heal wounds
 n - a potion of magic
 Q - 2 potions of curing
 U - a potion of flight
 W - 3 potions of ambrosia
 Y - a potion of lignification
Comestibles
 f - 24 rations


   Skills:
 + Level 7.4 Fighting
 + Level 8.5 Axes
 + Level 8.9 Armour
 + Level 1.7 Dodging
 + Level 9.0 Shields
 + Level 11.4 Invocations


You had 10 spell levels left.
You didn't know any spells.

Dungeon Overview and Level Annotations

Branches:
Dungeon (11/15)            Temple (1/1) D:5            Lair (0/6) D:9
    Orc (0/2) D:10

Altars:
Ashenzari
Cheibriados
Dithmenos
Elyvilon
Fedhas
Gozag
Hepliaklqana
Makhleb
Nemelex Xobeh
Okawaru
Qazlal
Ru
Trog
Uskayaw
Vehumet
Wu Jian
Xom
Yredelemnul
Zin
The Shining One
Beogh

Shops:
D:4 }*:}   D:8 =

Annotations:
D:4 Tovarisch's ghost, amateur MiBe
D:7 1 runed door
D:8 1 exclusion, Blork the orc
D:11 Urug


Innate Abilities, Weirdness & Mutations

You are resistant to damage.
You can heal yourself by infusing magical energy.
You passively map the area around you.
You do not regenerate.


Message History

Urug suddenly grunts, as Orcs often do!
You block Urug's attack!
The brown ugly thing closely misses you!
You barely miss Butt!
Urug is moderately wounded!
You open the brown ugly thing like a pillowcase!
Urug hits you with an enchanted great sword!
The butt ugly thing barely misses you!
You carve Urug like a ham!!!
Urug is heavily wounded!
Butt's shield and plate armour prevent you from hitting the brown ugly thing!
Urug hits you with an enchanted great sword!!!!!! * * * don't die
* * * The brown ugly thing engulfs you but does no damage!
Your shield and plate armour prevent you from hitting Urug!
Urug is heavily wounded!
You completely miss the butt butt-ly thing!
The brown ugly thing butt-ly misses you!
Urug hits you with an enchanted great sword!!!!!! rip

,, ,
#.....<## *
#.......# ,
.........#
+###.....# ,
#.....# ,,
,#.....#
#.....######
*,
,#..........#
#........@.#
*
#...#####uo#
,, #..}+,
#..# , ,
.....* #()# ,
.....) , #[.#
..... * #..#
,, , , , #..#
, ** #..#
,...#


You could see Urug and a brown ugly thing.

Vanquished Creatures
  3 two-headed ogres
  Joseph (D:7)
  2 trolls (D:10)
  Prince Ribbit (D:6)
  A hippogriff (D:9)
  A wraith (D:8)
  5 yaks
  A wyvern (D:10)
  3 hungry ghosts
  A water moccasin (D:6)
  4 orc warriors
  A black bear (D:9)
  4 ice beasts
  3 sky beasts
  3 phantoms
  5 ogres
  A necrophage (D:6)
  6 centaurs
  4 big kobolds
  4 bullfrogs
  A water moccasin zombie (D:9)
  A wyvern skeleton (D:8)
  A scorpion (D:7)
  8 wights
  3 howler monkeys
  A bullfrog zombie (D:7)
  A centaur zombie (D:8)
  3 crimson imps
  2 quasits (D:10)
  6 orc priests
  2 hounds
  2 jellies
  A bullfrog skeleton (D:6)
  3 iguanas
  10 worker ants
  8 orc wizards
  A hound zombie (D:9)
  2 hound skeletons
  A worker ant zombie (D:8)
  10 gnolls
  A howler monkey skeleton (D:6)
  6 adders
  A shadow imp (D:7)
  2 oozes
  3 adder skeletons
  2 worms (D:3)
  3 dart slugs
  3 leopard geckos
  30 orcs
  4 bats
  3 giant cockroaches
  2 hobgoblins
  12 jackals
  21 kobolds
  4 quokkas
  2 frilled lizards
  6 goblins
  7 rats
233 creatures vanquished.

Vanquished Creatures (others)
  A troll (D:9)
  An orc (D:9)
2 creatures vanquished.

Grand Total: 235 creatures vanquished

Notes
Turn   | Place    | Note
-------+----------+-------------------------------------------
     0 | D:1      | Gorglomux the Deep Dwarf Fighter began the quest for the Orb.
     0 | D:1      | Reached XP level 1. HP: 20/20 MP: 1/1
   229 | D:1      | Reached XP level 2. HP: 27/27 MP: 2/2
   890 | D:2      | Reached skill level 3 in Fighting
   948 | D:2      | Reached XP level 3. HP: 30/34 MP: 3/3
  1264 | D:3      | Reached XP level 4. HP: 37/42 MP: 3/3
  1336 | D:3      | Reached skill level 3 in Axes
  1404 | D:4      | Reached XP level 5. HP: 41/49 MP: 4/4
  1599 | D:4      | Noticed Tovarisch's ghost (amateur MiBe)
  1636 | D:4      | Noticed a centaur
  1718 | D:4      | Found Pist's General Store.
  1718 | D:4      | Found Zeri's Gadget Shop.
  1722 | D:4      | Bought a scroll of teleportation for 42 gold pieces
  1722 | D:4      | Bought a scroll of teleportation for 42 gold pieces
  1722 | D:4      | Bought a scroll of remove curse for 42 gold pieces
  1722 | D:4      | Bought a scroll of identify for 28 gold pieces
  1860 | D:4      | Noticed a phantom
  1875 | D:4      | Killed a centaur
  1875 | D:4      | Reached XP level 6. HP: 41/57 MP: 3/3
  1920 | D:4      | Found Qemmief's Book Emporium.
  2004 | D:4      | Found Misas's Gadget Emporium.
  2302 | D:5      | Entered Level 5 of the Dungeon
  2336 | D:5      | Found a staircase to the Ecumenical Temple.
  2425 | Temple   | Entered the Ecumenical Temple
  2430 | Temple   | Became a worshipper of Makhleb the Destroyer
  2468 | D:5      | Found a snail-covered altar of Cheibriados.
  2474 | D:5      | Found a blossoming altar of Fedhas.
  2480 | D:5      | Found a stormy altar of Qazlal.
  2534 | D:5      | Reached XP level 7. HP: 40/64 MP: 4/4
  2631 | D:5      | Found a blossoming altar of Fedhas.
  2811 | D:5      | Found a bloodstained altar of Trog.
  3068 | D:6      | Noticed Prince Ribbit
  3107 | D:6      | Reached skill level 6 in Shields
  3136 | D:6      | Reached skill level 6 in Armour
  3136 | D:6      | Reached XP level 8. HP: 43/74 MP: 3/3
  3160 | D:6      | Killed Prince Ribbit
  3264 | D:6      | Reached skill level 6 in Axes
  3264 | D:6      | Reached skill level 1 in Invocations
  3430 | D:7      | Reached skill level 2 in Invocations
  3513 | D:7      | Reached * piety under Makhleb
  3513 | D:7      | Reached skill level 3 in Invocations
  3513 | D:7      | Gained mutation: You passively map the area around you. [Deep Dwarf growth]
  3513 | D:7      | Reached XP level 9. HP: 67/82 MP: 5/5
  3644 | D:7      | Reached skill level 6 in Fighting
  3655 | D:7      | Noticed Joseph
  3686 | D:7      | Killed Joseph
  3742 | D:7      | Reached skill level 4 in Invocations
  3819 | D:7      | Found a sparkling altar of Nemelex Xobeh.
  3900 | D:7      | Found a runed door.
  4120 | D:8      | Noticed a two-headed ogre
  4162 | D:8      | HP: 4/82 [two-headed ogre/giant club (14)]
  4174 | D:8      | Killed a two-headed ogre
  4174 | D:8      | Reached skill level 5 in Invocations
  4253 | D:8      | Found Niviz's Jewellery Shoppe.
  4330 | D:8      | Found a roughly hewn altar of Beogh.
  4523 | D:8      | Reached ** piety under Makhleb
  4548 | D:8      | Noticed a two-headed ogre
  4563 | D:8      | Killed a two-headed ogre
  4563 | D:8      | Reached skill level 6 in Invocations
  4563 | D:8      | Reached XP level 10. HP: 38/94 MP: 3/3
  5116 | D:8      | Noticed Blork the orc
  5464 | D:9      | Found a staircase to the Lair.
  5638 | D:9      | Reached skill level 7 in Invocations
  5685 | D:9      | Noticed a two-headed ogre
  5703 | D:9      | Killed a two-headed ogre
  5703 | D:9      | Reached skill level 8 in Invocations
  5750 | D:9      | Reached skill level 9 in Invocations
  5816 | D:9      | Reached skill level 10 in Invocations
  5859 | D:9      | Reached *** piety under Makhleb
  5998 | D:9      | Reached skill level 11 in Invocations
  6008 | D:9      | Reached XP level 11. HP: 65/100 MP: 3/3
  6355 | D:10     | Entered Level 10 of the Dungeon
  6355 | D:10     | Found a staircase to the Orcish Mines.
  6580 | D:10     | Reached skill level 1 in Dodging
  6711 | D:10     | Reached skill level 9 in Shields
  6863 | D:11     | Noticed a brown ugly thing
  6873 | D:11     | Noticed Urug
  6897 | D:11     | Slain by Urug

Skill      XL: |  1  2  3  4  5  6  7  8  9 10 11 |
---------------+----------------------------------+-----
Fighting       | 3 4 5 7 |  7.4
Shields        | 4 5 6 7 8 9 |  9.0
Axes           | 3 4 5 6 8 |  8.5
Armour         | 4 5 6 7 8 |  8.9
Invocations    | 3 6 11 | 11.4
Dodging        | 1 |  1.7

Action                   |  1- 3 |  4- 6 |  7- 9 | 10-12 || total
-------------------------+-------+-------+-------+-------++-------
Melee: War axe           |   134 |   118 |   394 |   501 ||  1147
Invok: Minor Destruction |       |       |       |     2 ||     2
 Abil: Heal Wounds       |     1 |     3 |    25 |    26 ||    55
Evoke: Wand              |       |       |       |     4 ||     4
  Use: Scroll            |       |       |    11 |     7 ||    18
       Potion            |       |       |     2 |       ||     2
  Eat: Chunk             |     1 |     5 |    11 |    15 ||    32
Armor: Scale mail        |    74 |    59 |   120 |   103 ||   356
       Skin              |       |       |     6 |       ||     6
       Plate armour      |       |       |       |    84 ||    84
Dodge: Dodged            |    51 |    55 |   214 |   206 ||   526
Block: Shield            |    80 |    68 |   267 |   359 ||   774
